 Dungeon Crawl Stone Soup version 0.29.0-4-gdea44cf6ec (webtiles) character file.

Game seed: 14395960103923536039

159 qw the Chopper (level 5, 0/45 HPs)
             Began as a Minotaur Fighter on Sept 9, 2022.
             Succumbed to an orc wizard's poison
             ... on level 3 of the Dungeon.
             The game lasted 00:00:59 (2346 turns).

qw the Chopper (Minotaur Fighter)                   Turns: 2346, Time: 00:00:59

Health: 0/45       AC: 17    Str: 22    XL:     5   Next: 17%
Magic:  4/4        EV:  6    Int:  5    God:
Gold:   84         SH:  8    Dex: 10    Spells: 4/4 levels left

rFire   . . .      SeeInvis .   Y - +0 war axe (protect)
rCold   . . .      Faith    .   k - +0 kite shield
rNeg    . . .      Spirit   .   a - +0 chain mail
rPois   .          Reflect  .   (helmet restricted)
rElec   .          Harm     .   i - +0 cloak
rCorr   .          Rampage  .   (no gloves)
Will    .....                   (no boots)
Stlth   ..........              h - amulet of the acrobat
HPRegen 0.15/turn               (no ring)
MPRegen 0.09/turn               (no ring)

@: lethally poisoned (0 -> -14), under a protective aura
A: horns 2, retaliatory headbutt
a: no special abilities


You were on level 3 of the Dungeon.
You visited 1 branch of the dungeon, and saw 3 of its levels.

You collected 84 gold pieces.


Innate Abilities, Weirdness & Mutations

You have a pair of horns on your head.
You reflexively headbutt those who attack you in melee.


   Skills:
 - Level 3.6 Fighting
 - Level 6.0 Axes
 - Level 3.6 Armour
 - Level 1.0 Dodging
 + Level 4.2 Shields


You had 4 spell levels left.
You didn't know any spells.
Your spell library was empty.

Inventory:

Hand Weapons
 l - a +0 flail
 Y - a +0 war axe of protection (weapon)
Armour
 a - a +0 chain mail (worn)
 i - a +0 cloak (worn)
 k - a +0 kite shield (worn)
Jewellery
 h - an amulet of the acrobat (around neck)
Scrolls
 j - a scroll of identify
Potions
 d - 2 potions of might
 f - a potion of heal wounds {unknown}

Dungeon Overview and Level Annotations

Branches:
Dungeon (3/15)

Altars:
Trog


Message History

You barely miss the orc wizard. Your headbutt misses the orc wizard.
The orc wizard is heavily wounded.
The orc wizard hits you but does no damage.
You closely miss the orc wizard.
The orc wizard is heavily wounded.
You block the orc wizard's attack.
You closely miss the orc wizard. Your headbutt misses the orc wizard.
The orc wizard is heavily wounded.
You block the orc wizard's attack.
The orc priest calls down the wrath of Beogh upon you.
Beogh smites you!
The orc wizard mumbles some strange words.
The orc wizard flickers and vanishes!
Deactivating autopickup; reactivate with Ctrl-A.
You closely miss the orc. You headbutt the orc, but do no damage.
The orc priest mumbles some strange prayers to Beogh against you.
Beogh smites you!
You slash the orc!
Your weapon exudes an aura of protection.
The orc is almost dead.
You slash the orc!
You kill the orc!
The orc priest looks encouraged for a moment.
The orc wizard points at you and mumbles some strange words.
The magic dart hits you!
You hear some strange, mumbled words.
A puff of flame appears from out of thin air!
You block the puff of flame.
You closely miss something. Something hits you but does no damage.
You are lethally poisoned!
You barely miss something.
You feel very sick.
The orc priest calls down the wrath of Beogh upon you.
Something hits you but does no damage.
You are more poisoned.
You slash something! You headbutt something.
Reactivating autopickup.
You feel a bit more experienced.
You die...

#.# .. #.# ..# #.# ...
#.# #.# # #.# .o. #.#.#
#o### #.#.## #o))#
#:.... #@# ###.## #.##
#.# ######..#### #.##
............# #####.).
..........#.#####.......
................#.......
........................
...............##.......
..........#######.......


You could see an orc priest, an orc wizard and an orc.

Vanquished Creatures
  2 orc priests (D:2)
  Terence (D:2)
  An orc wizard (D:3)
  An adder (D:2)
  A worm (D:2)
  2 dart slugs (D:1)
  4 orcs
  4 ball pythons (D:1)
  4 bats
  7 endoplasms
  3 giant cockroaches
  3 goblins (D:1)
  3 hobgoblins (D:2)
  2 jackals (D:2)
  2 quokkas (D:1)
  A frilled lizard (D:2)
  5 kobolds
  6 rats
52 creatures vanquished.

Vanquished Creatures (others)
  14 plants (D:2)
14 creatures vanquished.

Grand Total: 66 creatures vanquished

Notes
Turn   | Place    | Note
-------+----------+-------------------------------------------
     0 | D:1      | qw the Minotaur Fighter began the quest for the Orb.
     0 | D:1      | Reached XP level 1. HP: 19/19 MP: 0/0
     0 | D:1      | 0 ||| qw: Version: 0.1-a-113-g051387a
     0 | D:1      | 0 ||| qw: Game counter: 6887
     0 | D:1      | 0 ||| qw: Always use a shield: true
     0 | D:1      | 0 ||| qw: God list: Ru
     0 | D:1      | 0 ||| qw: Allow faded altars: false
     0 | D:1      | 0 ||| qw: Do Orc after D:15 true
     0 | D:1      | 0 ||| qw: Do second Lair branch before Depths: true
     0 | D:1      | 0 ||| qw: Lair rune preference: random
     0 | D:1      | 0 ||| qw: Plans: Normal
     0 | D:1      | 0 ||| PLANNING D:1-11
    43 | D:1      | Reached skill level 3 in Axes
   134 | D:1      | Reached XP level 2. HP: 22/26 MP: 1/1
   552 | D:1      | Reached skill level 4 in Axes
   809 | D:1      | Reached XP level 3. HP: 31/31 MP: 2/2
   989 | D:1      | Found a faded altar of an unknown god.
  1074 | D:1      | 1074 ||| UPGRADING to +0 cloak.
  1079 | D:1      | 1079 ||| UPGRADING to +0 kite shield.
  1089 | D:1      | 1089 ||| DROPPING +0 buckler.
  1090 | D:1      | 1090 ||| UPGRADING to amulet of the acrobat.
  1095 | D:1      | 1095 ||| DROPPING ring of flight.
  1096 | D:1      | 1096 ||| READING scroll labelled COD KIPHEILYCW.
  1097 | D:1      | 1097 ||| READING 2 scrolls labelled XIESOG ONEURIE.
  1098 | D:1      | 1098 ||| READING scroll labelled OSHYEGHIHO.
  1099 | D:1      | 1099 ||| READING scroll labelled CYXKIH GIF.
  1127 | D:2      | Noticed Terence
  1128 | D:2      | 1128 ||| Stepping ~*~*~tactically~*~*~ (hiding).
  1143 | D:2      | Killed Terence
  1144 | D:2      | Reached skill level 5 in Axes
  1354 | D:2      | 1354 ||| DROPPING +0 club.
  1396 | D:2      | 1396 ||| Stepping ~*~*~tactically~*~*~ (stealth).
  1482 | D:2      | 1482 ||| FLEEEEING.
  1647 | D:2      | Reached XP level 4. HP: 39/39 MP: 3/3
  1754 | D:2      | Reached skill level 1 in Dodging
  1834 | D:2      | 1834 ||| Stepping ~*~*~tactically~*~*~ (stealth).
  1836 | D:2      | 1836 ||| Stepping ~*~*~tactically~*~*~ (hiding).
  1850 | D:2      | Reached skill level 6 in Axes
  1850 | D:2      | Reached XP level 5. HP: 27/45 MP: 4/4
  1883 | D:2      | 1883 ||| FLEEEEING.
  1903 | D:2      | 1903 ||| FLEEEEING.
  1904 | D:2      | 1904 ||| FLEEEEING.
  1905 | D:2      | 1905 ||| FLEEEEING.
  1997 | D:2      | 1997 ||| DROPPING +0 whip.
  2001 | D:2      | Found a bloodstained altar of Trog.
  2090 | D:2      | 2090 ||| UPGRADING to +0 chain mail.
  2100 | D:2      | 2100 ||| DROPPING +0 scale mail.
  2101 | D:2      | 2101 ||| READING scroll labelled CASYNLA QION.
  2241 | D:2      | 2241 ||| READING scroll labelled QYPLEA OHYF.
  2242 | D:2      | 2242 ||| READING scroll labelled HOL OXKEFOBAL.
  2336 | D:3      | 2336 ||| DRINKING potion of curing.
  2336 | D:3      | 2336 ||| (to cure confusion)
  2343 | D:3      | HP: 7/45 [orc wizard/magic dart (7)]
  2346 | D:3      | Succumbed to an orc wizard's poison

Levels and vault maps discovered:
D:1:      roderic_crossed_star, layout_basic,
          shapermc_ecumenical_altar_hornbeckon, st_stairs_7
D:2:      layout_rooms, basic_altar, serial_bayou_pond_c, uniq_terence
D:3:      minmay_wonky_spiral, layout_basic,
          mainiacjoe_overflow_six_doors_small, minivault_14,
          kennysheep_another_room

Skill      XL: |  1  2  3  4 |
---------------+-------------+-----
Axes           | 3 4 5 6 |  6.0
Shields        | 4 |  4.2
Dodging        | 1 |  1.0
Fighting       | |  3.6
Armour         | |  3.6

Action                   |  1- 3 |  4- 6 || total
-------------------------+-------+-------++-------
Melee: War axe           |    80 |    48 ||   128
       Headbutt          |    12 |     8 ||    20
  Use: Scroll            |     4 |     3 ||     7
       Potion            |       |     1 ||     1
Armor: Scale mail        |    30 |    23 ||    53
       Chain mail        |       |     8 ||     8
Dodge: Dodged            |    16 |    11 ||    27
Block: Buckler           |     9 |       ||     9
       Kite shield       |    15 |    21 ||    36

Table legend:
 A = Non-vault XP
 B = Vault XP
 C = Vault XP percentage of total XP
 D = Non-vault monster count
 E = Vault monster count
 F = Vault count percentage of total count
                 A         B        C        D         E       F
            +---------+---------+-------+---------+---------+-------
      Total |     221 |      42 |  16.0 |      49 |       3 |   5.8
            +---------+---------+-------+---------+---------+-------
        D:1 |      39 |       4 |   9.3 |      21 |       2 |   8.7
        D:2 |     140 |      38 |  21.3 |      24 |       1 |   4.0
        D:3 |      42 |       0 |   0.0 |       4 |       0 |   0.0
            +---------+---------+-------+---------+---------+-------
